 Dungeon Crawl Stone Soup version 0.25.0-9-g26727b657a (webtiles) character file.

Game seed: 4371409649360143468

479360 protoss039 the Archmage (level 23, -8/140 HPs)
             Began as a Deep Elf Earth Elementalist on June 21, 2020.
             Was the Champion of Vehumet.
             Splashed by an acid blob's acid (9 damage)
             ... on level 5 of the Pits of Slime on June 22, 2020.
             The game lasted 06:38:37 (58246 turns).

protoss039 the Archmage (DEEE)                     Turns: 58246, Time: 06:38:37

Health: -8/140     AC: 15    Str: 11    XL:     23   Next: 39%
Magic:  26/50      EV: 12    Int: 46    God:    Vehumet [******]
Gold:   3678       SH:  0    Dex:  8    Spells: 7/76 levels left

rFire    + . .     SeeInvis +   Q - +9 long sword "Cexohul" {vorpal, *Contam Str+4 Int+4}
rCold    + + +     Gourm    .   (no shield)
rNeg     + + +     Faith    .   g - +4 robe "Qalotho" {rElec rPois MR+ Str+5}
rPois    +         Spirit   .   u - +0 helmet "Icunotif" {rN+++ Str-3 Int+2 Stlth-}
rElec    +         Reflect  .   Z - +1 cloak {Stlth+}
rCorr    .         Harm     .   i - +0 pair of gloves of the Desert {rPois MR+ Stlth-}
MR       +++++     Rnd*Rage +   G - +2 pair of boots of Life {MR+ Int+4 Dex-5}
Stlth    ++........             c - amulet "Fezxay" {rF+ MR+ Regen+ SInv}
HPRegen  0.73/turn              C - ring of Knowledge {rC+++ MR- AC+4 Dex+2 Stlth+}
MPRegen  0.32/turn              a - ring of Nuocomad {+Fly rElec rC+ Int+5 Dex-4}

@: corroded, studying Translocations
A: molten scales 1, berserk 1, blurry vision 1, cold resistance 1, deterioration
2, low mp 1, poison resistance, screaming 2, subdued magic 1
}: 3/15 runes: serpentine, barnacled, silver
a: Renounce Religion, Evoke Flight


You were on level 5 of the Pits of Slime.
You worshipped Vehumet.
Vehumet was exalted by your worship.
You were very hungry.

You visited 9 branches of the dungeon, and saw 45 of its levels.
You also visited: Gauntlet and Ice Cave.

You collected 6685 gold pieces.
You spent 3007 gold pieces at shops.

Inventory:

Hand Weapons
 Q - the +9 long sword "Cexohul" (weapon) {vorpal, *Contam Str+4 Int+4}
   (You found it on level 2 of the Lair of Beasts)

   It inflicts extra damage upon your enemies.
   It affects your strength (+4).
   It affects your intelligence (+4).
   It causes magical contamination when unequipped.
Missiles
 t - 989 stones (quivered)
Armour
 g - the +4 robe "Qalotho" (worn) {rElec rPois MR+ Str+5}
   (You took it off a goblin on level 10 of the Dungeon)

   It affects your strength (+5).
   It insulates you from electricity.
   It protects you from poison.
   It affects your resistance to hostile enchantments.
 i - the +0 pair of gloves of the Desert (worn) {rPois MR+ Stlth-}
   (You found it on level 1 of the Vaults)

   It protects you from poison.
   It affects your resistance to hostile enchantments.
   It makes you less stealthy.
 u - the +0 helmet "Icunotif" (worn) {rN+++ Str-3 Int+2 Stlth-}
   (You found it in a Gauntlet)

   It affects your strength (-3).
   It affects your intelligence (+2).
   It renders you almost immune to negative energy.
   It makes you less stealthy.
 y - a +0 pair of boots
 F - +0 fire dragon scales
 G - the +2 pair of boots of Life (worn) {MR+ Int+4 Dex-5}
   (You acquired it on level 2 of the Pits of Slime)

   It affects your intelligence (+4).
   It affects your dexterity (-5).
   It affects your resistance to hostile enchantments.
 Z - a +1 cloak of stealth (worn)
Jewellery
 a - the ring of Nuocomad (right hand) {+Fly rElec rC+ Int+5 Dex-4}
   (You bought it in a shop on level 2 of the Orcish Mines)

   [ring of protection from cold]

   It affects your intelligence (+5).
   It affects your dexterity (-4).
   It protects you from cold.
   It insulates you from electricity.
   It lets you fly.
 c - the amulet "Fezxay" (around neck) {rF+ MR+ Regen+ SInv}
   (You bought it in a shop on level 6 of the Dungeon)

   [amulet of regeneration]

   It protects you from fire.
   It affects your resistance to hostile enchantments.
   It lets you see invisible.
   It increases your rate of regeneration.
 C - the ring of Knowledge (left hand) {rC+++ MR- AC+4 Dex+2 Stlth+}
   (You took it off an efreet in a Gauntlet)

   [ring of protection]

   It affects your AC (+4).
   It affects your dexterity (+2).
   It renders you almost immune to cold.
   It affects your resistance to hostile enchantments.
   It makes you more stealthy.
 V - an uncursed ring of protection from magic
Wands
 h - a wand of polymorph (45)
 w - a wand of acid (26)
 A - a wand of digging (6)
 B - a wand of iceblast (23)
 I - a wand of paralysis (20)
 O - a wand of clouds (4)
 Y - a wand of disintegration (12)
Scrolls
 b - a scroll of blinking
 f - 17 scrolls of teleportation
 k - 10 scrolls of amnesia
 p - 17 scrolls of remove curse
 r - 8 scrolls of enchant weapon
 s - 8 scrolls of enchant armour
 x - 2 scrolls of fear
 z - 5 scrolls of magic mapping
 D - 2 scrolls of holy word
 E - 19 scrolls of identify
 L - 2 scrolls of brand weapon
 R - 3 scrolls of fog
Potions
 e - 7 potions of heal wounds
 j - 4 potions of might
 l - 14 potions of flight
 m - 6 potions of haste
 n - 2 potions of brilliance
 o - a potion of magic
 q - 3 potions of mutation
 K - 3 potions of invisibility
 S - 2 potions of cancellation
 X - 11 potions of curing
Books
 v - a manual of Translocations
Miscellaneous
 T - a lightning rod (4/4)
Comestibles
 d - 46 rations


   Skills:
 * Level 13.1 Fighting
   Level 1.6(9.9) Short Blades
 * Level 13.6 Long Blades
 - Level 2.4 Dodging
 + Level 7.4 Stealth
 O Level 27 Spellcasting
 + Level 11.6 Conjurations
 + Level 10.5 Hexes
 + Level 3.8 Translocations
 + Level 9.1 Transmutations
 * Level 9.8 Fire Magic
 + Level 7.4 Air Magic
 + Level 22.7 Earth Magic
 + Level 0.2 Evocations


You had 7 spell levels left.
You knew the following spells:

 Your Spells              Type           Power        Failure   Level  Hunger
a - Sandblast             Erth           ######       0%          1    None
b - Passwall              Tmut/Erth      ########     0%          2    None
c - Stone Arrow           Conj/Erth      ######       0%          3    None
d - Petrify               Tmut/Erth      ########     0%          4    None
e - Lee's Rapid Deconstr  Erth           ########..   0%          5    None
f - Slow                  Hex            #######.     0%          2    None
g - Statue Form           Tmut/Erth      ########.    1%          6    None
h - Fireball              Conj/Fire      #######...   1%          5    None
i - Iron Shot             Conj/Erth      ########..   0%          6    None
j - Cause Fear            Hex            #######...   0%          4    None
k - Lehudib's Crystal Sp  Conj/Erth      ########..   1%          8    None
l - Shatter               Erth           ########..   1%          9    None
m - Silence               Hex/Air        #######...   1%          5    None
n - Tornado               Air            #######...   90%         9    None

Your spell library contained the following spells:

 Spells                   Type           Power        Failure   Level  Hunger
 Chain Lightning          Conj/Air       #######...   6%          8    None
 Fire Storm               Conj/Fire      #######...   50%         9    None
 Beastly Appendage        Tmut           ######       0%          1    None
 Corona                   Hex            #######      0%          1    None
 Foxfire                  Conj/Fire      ####         0%          1    None
 Shock                    Conj/Air       ####         0%          1    None
 Sticks to Snakes         Tmut           #######.     0%          2    None
 Confusing Touch          Hex            #######.     0%          3    None
 Conjure Flame            Conj/Fire      #######.     0%          3    None
 Dazzling Flash           Conj/Hex       ######       0%          3    None
 Inner Flame              Hex/Fire       #######.     0%          3    None
 Mephitic Cloud           Conj/Pois/Air  #######.     0%          3    None
 Portal Projectile        Hex/Tloc       ######       0%          3    None
 Static Discharge         Conj/Air       #######.     0%          3    None
 Tukima's Dance           Hex            #######.     0%          3    None
 Leda's Liquefaction      Hex/Erth       ########..   0%          4    None
 Sticky Flame             Conj/Fire      #######.     0%          4    None
 Bolt of Magma            Conj/Fire/Erth ########..   0%          5    None
 Animate Skeleton         Necr           N/A          1%          1    None
 Apportation              Tloc           ######       1%          1    None
 Infusion                 Chrm           ####         1%          1    None
 Pain                     Necr           ####         1%          1    None
 Summon Butterflies       Summ           #####...     1%          1    None
 Summon Small Mammal      Summ           ####         1%          1    None
 Blink                    Tloc           N/A          1%          2    None
 Call Imp                 Summ           #####...     1%          2    None
 Ensorcelled Hibernation  Hex/Ice        ######       1%          2    None
 Shroud of Golubria       Chrm/Tloc      ######       1%          2    None
 Song of Slaying          Chrm           #####...     1%          2    None
 Swiftness                Chrm/Air       ######..     1%          2    None
 Call Canine Familiar     Summ           #####...     1%          3    None
 Gell's Gravitas          Tloc           ######....   1%          3    None
 Lesser Beckoning         Tloc           ######....   1%          3    None
 Ozocubu's Armour         Chrm/Ice       #####...     1%          3    None
 Recall                   Summ/Tloc      N/A          1%          3    None
 Spectral Weapon          Hex/Chrm       ######..     1%          3    None
 Spider Form              Tmut/Pois      ######....   1%          3    None
 Summon Guardian Golem    Hex/Summ       ######..     1%          3    None
 Teleport Other           Tloc           ######..     1%          3    None
 Vampiric Draining        Necr           #####.....   1%          3    None
 Airstrike                Air            #######...   1%          4    None
 Animate Dead             Necr           N/A          1%          4    None
 Dispel Undead            Necr           #####...     1%          4    None
 Ice Form                 Ice/Tmut       ######..     1%          4    None
 Passage of Golubria      Tloc           N/A          1%          4    None
 Summon Ice Beast         Ice/Summ       #####...     1%          4    None
 Summon Lightning Spire   Summ/Air       ######..     1%          4    None
 Blade Hands              Tmut           #######...   1%          5    None
 Borgnjor's Vile Clutch   Necr/Erth      #######...   1%          5    None
 Irradiate                Conj/Tmut      #######...   1%          5    None
 Lightning Bolt           Conj/Air       #######...   1%          5    None
 Summon Forest            Summ/Tloc      ######....   1%          5    None
 Summon Mana Viper        Hex/Summ       ######..     1%          5    None
 Conjure Ball Lightning   Conj/Air       #######...   1%          6    None
 Darkness                 Hex            #######...   1%          6    None
 Hydra Form               Tmut           #######...   1%          6    None
 Dragon Form              Tmut           #######...   3%          7    None
 Agony                    Necr           #####...     4%          5    None
 Aura of Abjuration       Summ           #####.....   4%          5    None
 Summon Demon             Summ           #####.....   4%          5    None
 Shadow Creatures         Summ           N/A          26%         6    None
 Simulacrum               Ice/Necr       #####.....   26%         6    None
 Summon Hydra             Summ           #####.....   83%         7    None
 Ignition                 Fire           #######...   5%          8    None
 Dragon's Call            Summ           #####.....   100%        9    None


Dungeon Overview and Level Annotations

Branches:
Dungeon (15/15)            Temple (1/1) D:5            Lair (6/6) D:8
 Shoals (4/4) Lair:2        Snake (4/4) Lair:4        Slime (5/5) Lair:6
    Orc (2/2) D:10            Elf (3/3) Orc:2        Vaults (5/5) D:13
  Crypt (0/3) Vaults:2      IceCv (visited)         Gauntlet (visited)
 Depths: D:15

Altars:
Ashenzari
Cheibriados
Dithmenos
Elyvilon
Fedhas
Gozag
Hepliaklqana
Kikubaaqudgha
Makhleb
Nemelex Xobeh
Okawaru
Qazlal
Ru
Sif Muna
Trog
Uskayaw
Vehumet
Wu Jian
Xom
Yredelemnul
Zin
The Shining One
Jiyva

Shops:
D:6 =   D:9 [   Orc:1 ?   Orc:2 ==[(   Elf:1 =?*!   Elf:2 **   Elf:3 =}=
Shoals:1 (   Snake:3 :   Snake:4 [   Vaults:3 =[   Vaults:5 %!!

Annotations:
Shoals:2 3 runed translucent doors, exclusion: 3 doors, Ilo Jaz's ghost, adept BaFi
Elf:2 3 runed translucent doors
Vaults:3 Mennas


Innate Abilities, Weirdness & Mutations

You are partially covered in molten scales. (AC +2)
You tend to lose your temper in combat.
Scrolls take you a little longer to read.
Your flesh is cold resistant. (rC+)
Your body often deteriorates upon taking damage.
Your magical capacity is low. (-10% MP)
Your system is resistant to poisons. (rPois)
You sometimes yell uncontrollably at your foes.
Your spells are a little easier to cast, but a little less powerful.


Message History

The splash of acid hits you but does no damage.
You are splashed with acid!
* * * LOW HITPOINT WARNING * * *
Unknown command.
Unknown command.
Your magical effects are unravelling.
You feel magically purged.
You revert to your normal fleshy form.
The +0 pair of gloves of the Desert {rPois MR+ Stlth-} unmelds from your body.
The +2 pair of boots of Life {MR+ Int+4 Dex-5} unmelds from your body.
The +4 robe "Qalotho" {rElec rPois MR+ Str+5} unmelds from your body.
You are no longer corroded.
The acid blob spits acid at you.
The splash of acid hits you but does no damage.
The acid corrodes you!
You are splashed with acid!
* * * LOW HITPOINT WARNING * * *
The acid blob spits acid at you.
The splash of acid hits you but does no damage.
You are splashed with acid!
You die...

...#.................
.....................
..............J......
.....................
............J........
.....................
.........J...<....#
.................##
........J@........#
..................#
....................
.................###.
.................#
................
................
##.........#....


You could see 2 acid blobs and 2 slime creatures.

Vanquished Creatures
  4 ancient liches (Vaults:5)
  Vashnia (Snake:4)
  3 golden dragons (Vaults:5)
  Nikola (Elf:1)
  A tentacled monstrosity (Vaults:5)
  Asterion (Elf:2)
  2 deep elf master archers (Elf:3)
  7 titans (Vaults:5)
  2 deep elf blademasters (Elf:3)
  14 acid blobs
  Frances (Elf:2)
  2 krakens
  A sphinx (Vaults:3)
  7 tengu reavers (Vaults:5)
  Kirke (Lair:4)
  2 shadow dragons (Vaults:5)
  2 storm dragons
  10 azure jellies
  8 nagarajas (Snake:4)
  An iron dragon (Vaults:5)
  9 deep elf sorcerers
  3 frost giants
  4 fire giants (Vaults:5)
  An orc warlord (Vaults:5)
  15 vault wardens
  Aizul (Snake:2)
  7 ironheart preservers
  A spriggan defender (Elf:2)
  A reaper (IceCv)
  A war gargoyle (Vaults:5)
  4 deep elf elementalists
  An entropy weaver (Vaults:4)
  5 very ugly things (Vaults:5)
  8 deep elf demonologists
  11 stone giants
  5 deep elf annihilators
  A minotaur (Gauntlet)
  11 ettins
  4 fire dragons
  12 deep elf death magi
  3 merfolk javelineers
  4 merfolk impalers
  Josephine (Lair:6)
  4 great orbs of eyes
  8 yaktaur captains
  2 deep elf high priests (Elf:3)
  2 rakshasas
  9 hydras
  5 ice dragons
  A catoblepas (Lair:1)
  14 naga warriors
  3 centaur warriors
  9 anacondas
  29 vault guards
  Harold (D:11)
  A death knight (D:15)
  2 satyrs
  9 ogre magi
  3 merfolk aquamancers
  29 two-headed ogres
  30 dancing weapons
  A death yak (Lair:2)
  An alligator snapping turtle (Shoals:3)
  2 deep troll shamans (Vaults:3)
  A vampire mage (Vaults:2)
  A tengu warrior (D:12)
  An orc high priest (Orc:2)
  13 naga sharpshooters
  25 deep elf knights
  Sonja (Lair:2)
  7 shock serpents
  5 salamander mystics
  5 shadow wraiths
  4 skeletal warriors (Vaults:2)
  A death drake (Gauntlet)
  19 sea snakes
  An unseen horror (Vaults:1)
  3 glowing orange brains
  A flayed ghost (Vaults:2)
  4 wizards
  12 deep trolls
  12 deep elf archers
  3 naga ritualists
  17 harpies
  3 phantasmal warriors (Vaults:5)
  An obsidian statue (Shoals:1)
  8 ironbrand convokers
  14 orc knights
  9 mana vipers
  53 deep elf magi
  An orb spider (shapeshifter) (Vaults:2)
  10 necromancers
  23 ugly things
  5 wolf spiders
  8 manticores
  3 orc sorcerers
  10 shining eyes
  An oklob plant (Snake:3)
  A moth of wrath (shapeshifter) (Vaults:5)
  A human zombie (Vaults:4)
  13 fauns
  9 salamanders
  A spectral centaur (Gauntlet)
  2 sphinx skeletons
  6 cyclopes
  An elephant (shapeshifter) (D:15)
  21 naga magi
  5 merfolk sirens
  6 elephants
  Psyche (D:8)
  5 large abominations (Elf:1)
  28 black mambas
  6 guardian serpents (Snake:4)
  11 vault sentinels
  2 gargoyles
  5 water nymphs
  A spiny frog (shapeshifter) (Vaults:4)
  2 eyes of devastation
  2 ice statues (IceCv)
  3 spiny frogs
  A kobold demonologist (D:14)
  2 rime drakes
  5 komodo dragons
  A yaktaur (shapeshifter) (Vaults:1)
  44 yaktaurs
  An efreet (Gauntlet)
  9 freezing wraiths
  6 ice devils (IceCv)
  6 meliai
  A tengu conjurer (D:14)
  3 harpy zombies (Shoals:4)
  A jumping spider (Vaults:4)
  18 merfolk
  8 hornets
  A hornet (shapeshifter) (Vaults:4)
  2 human skeletons (Vaults:4)
  A polar bear (shapeshifter) (Elf:3)
  5 polar bears (Lair:6)
  7 trolls
  3 wind drakes
  A queen bee (shapeshifter) (Vaults:2)
  13 blink frogs
  86 slime creatures
  10 dream sheep
  3 trolls (shapeshifter)
  An ettin zombie (Vaults:1)
  5 snapping turtles
  A blink frog (shapeshifter) (Vaults:2)
  11 hippogriffs
  3 human simulacra
  An air elemental (Elf:3)
  12 spriggans (Lair:6)
  18 water elementals
  A wyvern (D:12)
  3 vampires (Vaults:2)
  A spriggan (shapeshifter) (Vaults:4)
  2 redbacks (Vaults:4)
  37 yaks
  5 shadows
  2 fire elementals
  2 hogs (Lair:4)
  6 wraiths
  A golden eye (shapeshifter) (Vaults:4)
  A hungry ghost (D:14)
  6 vampire mosquitoes
  2 basilisks
  9 golden eyes
  15 humans (D:13)
  A steam dragon (D:10)
  12 wargs
  A yaktaur simulacrum (Vaults:1)
  A soldier ant (D:13)
  An acid dragon (Vaults:2)
  37 nagas
  A soldier ant (shapeshifter) (Vaults:1)
  11 water moccasins
  A hell hound (Gauntlet)
  A deep troll skeleton (Vaults:1)
  12 porcupines
  4 ice beasts
  40 orc warriors
  6 sky beasts
  7 black bears
  3 necrophages
  An ettin simulacrum (Vaults:2)
  2 phantoms
  35 wolves
  An eye of draining (Slime:3)
  48 ogres
  8 boggarts
  6 centaurs
  18 crocodiles
  A hippogriff zombie (Shoals:4)
  3 big kobolds
  11 bullfrogs
  5 elf zombies (Elf:1)
  Blork the orc (D:5)
  A yaktaur zombie (Vaults:1)
  4 earth elementals
  3 scorpions
  A wyvern skeleton (D:14)
  4 killer bees
  5 wights (D:9)
  8 electric eels (Snake:1)
  7 howler monkeys
  6 crimson imps
  2 quasits
  2 centaur zombies
  12 hounds
  A gnoll shaman (D:7)
  11 jellies
  19 orc priests
  2 centaur skeletons
  23 orc wizards
  10 worker ants
  2 iguanas
  A killer bee zombie (D:6)
  A howler monkey skeleton (D:6)
  2 gnolls (D:3)
  9 adders
  2 shadow imps
  23 white imps
  5 ufetubi (IceCv)
  An adder skeleton (D:4)
  4 worms
  A dart slug (D:1)
  4 leopard geckos
  83 orcs
  A bat zombie (Shoals:4)
  7 giant cockroaches
  7 goblins
  9 hobgoblins
  24 jackals
  6 quokkas
  8 bats
  6 frilled lizards
  17 kobolds
  A quokka skeleton (D:7)
  9 rats
  2 crawling corpses (Elf:3)
  4 fungi (Elf:3)
  7 plants
  7 tentacles
1802 creatures vanquished.

Vanquished Creatures (others)
  A deep elf knight (Elf:3)
  A water elemental (Shoals:4)
  2 humans
  A bullfrog (D:7)
  A scorpion (D:7)
  A quasit (D:7)
  An orc priest (D:13)
  An iguana (D:7)
  4 white imps (IceCv)
  2 ufetubi (IceCv)
  5 orcs
  9 foxfires
  8 fungi
  103 plants
  33 tentacles
173 creatures vanquished.

Grand Total: 1975 creatures vanquished

Notes
Turn   | Place    | Note
-------+----------+-------------------------------------------
     0 | D:1      | protoss039 the Deep Elf Earth Elementalist began the quest
                  | for the Orb.
     0 | D:1      | Reached XP level 1. HP: 10/10 MP: 6/6
   445 | D:1      | Reached XP level 2. HP: 15/15 MP: 6/8
  1256 | D:2      | Reached skill level 4 in Spellcasting
  1256 | D:2      | Reached XP level 3. HP: 5/19 MP: 6/10
  1926 | D:2      | Reached XP level 4. HP: 13/24 MP: 6/12
  2720 | D:2      | Found a burning altar of Makhleb.
  2799 | D:3      | Found a glowing golden altar of the Shining One.
  2866 | D:3      | Learned a level 2 spell: Passwall
  3279 | D:3      | Reached skill level 5 in Spellcasting
  3304 | D:3      | Reached skill level 5 in Earth Magic
  3307 | D:3      | Found a basalt altar of Yredelemnul.
  3313 | D:3      | Reached XP level 5. HP: 28/28 MP: 8/14
  4590 | D:4      | Found a hazy altar of Hepliaklqana.
  4641 | D:4      | Learned a level 3 spell: Stone Arrow
  4790 | D:4      | Reached skill level 6 in Spellcasting
  4956 | D:4      | Reached XP level 6. HP: 30/32 MP: 0/17
  5208 | D:4      | Found a shattered altar of Ashenzari.
  5309 | D:4      | Found an ornate altar of the Wu Jian Council.
  5587 | D:4      | Reached skill level 7 in Spellcasting
  5587 | D:4      | Reached skill level 1 in Conjurations
  5703 | D:4      | Reached XP level 7. HP: 37/37 MP: 10/19
  6011 | D:4      | Found a snail-covered altar of Cheibriados.
  6366 | D:5      | Entered Level 5 of the Dungeon
  6560 | D:5      | Found a blossoming altar of Fedhas.
  6667 | D:5      | Noticed Blork the orc
  6673 | D:5      | Killed Blork the orc
  6697 | D:4      | Reached skill level 8 in Spellcasting
  6952 | D:5      | Reached XP level 8. HP: 8/42 MP: 0/22
  7235 | D:5      | Found a staircase to the Ecumenical Temple.
  7244 | Temple   | Entered the Ecumenical Temple
  7566 | Temple   | Became a worshipper of Vehumet
  7764 | D:5      | Learned a level 4 spell: Petrify
  7770 | D:5      | Learned a level 5 spell: Lee's Rapid Deconstruction
  7813 | D:6      | Found a hide-covered altar of Uskayaw.
  7907 | D:6      | Found Isyiwet's Jewellery Emporium.
  7958 | D:6      | Reached skill level 9 in Spellcasting
  8713 | D:6      | Reached skill level 10 in Spellcasting
  9387 | D:7      | Noticed a hippogriff
  9393 | D:7      | Killed a hippogriff
  9393 | D:7      | Reached skill level 1 in Fighting
  9393 | D:7      | Reached XP level 9. HP: 47/47 MP: 12/25
  9415 | D:7      | Found a shimmering altar of Xom.
  9428 | D:7      | Reached * piety under Vehumet
  9428 | D:7      | Offered knowledge of Shock by Vehumet.
  9428 | D:7      | Reached skill level 11 in Spellcasting
  9926 | D:7      | Found a hazy altar of Hepliaklqana.
 10116 | D:7      | Noticed a two-headed ogre
 10122 | D:7      | Killed a two-headed ogre
 10122 | D:7      | Reached skill level 12 in Spellcasting
 10122 | D:7      | Reached skill level 10 in Earth Magic
 10313 | D:7      | Found a shimmering blue altar of Sif Muna.
 10416 | D:8      | Found a staircase to the Lair.
 10416 | D:8      | Noticed Psyche
 10443 | D:8      | Reached XP level 10. HP: 16/52 MP: 16/28
 10882 | D:8      | Killed Psyche
 10882 | D:8      | Reached ** piety under Vehumet
 10882 | D:8      | Offered knowledge of Foxfire by Vehumet.
 11190 | D:8      | Learned a level 1 spell: Foxfire
 11600 | D:8      | Reached skill level 13 in Spellcasting
 11783 | D:9      | Reached skill level 1 in Fire Magic
 11975 | D:9      | You fall into a shaft and drop 2 floors!
 11984 | D:11     | Noticed Harold
 11987 | D:10     | Entered Level 10 of the Dungeon
 12128 | D:10     | Identified the +4 robe "Qalotho" {rElec rPois MR+ Str+5}
 12258 | D:9      | Noticed a two-headed ogre
 12260 | D:9      | Killed a two-headed ogre
 12286 | D:9      | Reached skill level 5 in Stealth
 12391 | D:9      | Found Unlee's Armour Shoppe.
 12578 | D:9      | Found an opulent altar of Gozag.
 12930 | D:10     | Identified the +5 dagger "Impslayer" {vorpal, Stlth+}
 12941 | D:10     | Identified a scroll of acquirement
 13046 | D:6      | Bought the amulet "Fezxay" {rF+ MR+ Regen+ SInv} for 591
                  | gold pieces
 13147 | D:10     | Noticed a gargoyle
 13150 | D:10     | Killed a gargoyle
 13160 | D:10     | Offered knowledge of Inner Flame by Vehumet.
 13183 | D:10     | Reached XP level 11. HP: 30/56 MP: 2/30
 13310 | D:10     | Reached *** piety under Vehumet
 13401 | D:10     | Found a staircase to the Orcish Mines.
 14068 | D:11     | Offered knowledge of Ignite Poison by Vehumet.
 14085 | D:11     | Reached skill level 5 in Conjurations
 14095 | D:11     | Reached skill level 14 in Spellcasting
 14375 | D:11     | Killed Harold
 14887 | D:12     | Found a gate leading to a gauntlet.
 14905 | Gauntlet | Entered a Gauntlet
 14905 | Gauntlet | Found a transporter.
 14947 | Gauntlet | Found a transporter.
 14948 | Gauntlet | Noticed a death ooze
 14964 | Gauntlet | Found a transporter.
 14967 | Gauntlet | Found a transporter.
 14979 | Gauntlet | Noticed a reaper
 14987 | Gauntlet | Found a transporter.
 15000 | Gauntlet | Found a transporter.
 15005 | Gauntlet | Found a transporter.
 15009 | Gauntlet | Found a transporter.
 15026 | Gauntlet | Noticed a ghost crab
 15036 | Gauntlet | Identified the ring of Knowledge {rC+++ MR- AC+4 Dex+2
                  | Stlth+}
 15036 | Gauntlet | Found a transporter.
 15056 | Gauntlet | Found a transporter.
 15060 | Gauntlet | Found a transporter.
 15060 | Gauntlet | Noticed a death drake
 15071 | Gauntlet | Found a transporter.
 15116 | Gauntlet | Reached **** piety under Vehumet
 15117 | Gauntlet | Killed a death drake
 15128 | Gauntlet | Got a masterwork helmet
 15169 | Gauntlet | Identified the +0 helmet "Icunotif" {rN+++ Str-3 Int+2
                  | Stlth-} (You found it in a Gauntlet)
 15175 | Gauntlet | Identified the +5 hunting sling "Amezuyng" {venom, Int+3}
 15175 | Gauntlet | Noticed a minotaur
 15185 | Gauntlet | Killed a minotaur
 15185 | Gauntlet | Reached skill level 15 in Spellcasting
 15207 | Gauntlet | Got a glimmering hat
 15248 | Gauntlet | Identified the +0 hat of Insurance {rPois rN+} (You found
                  | it in a Gauntlet)
 15420 | D:12     | Learned a level 6 spell: Statue Form
 15450 | D:12     | Offered knowledge of Olgreb's Toxic Radiance by Vehumet.
 15692 | D:12     | Noticed a tengu warrior
 15699 | D:12     | Killed a tengu warrior
 16211 | D:13     | Reached XP level 12. HP: 64/64 MP: 21/33
 16217 | D:13     | Noticed a four-headed hydra
 16221 | D:13     | Reached skill level 16 in Spellcasting
 16224 | D:13     | Killed a four-headed hydra
 16226 | D:13     | Noticed a two-headed ogre
 16361 | D:13     | Reached ***** piety under Vehumet
 16409 | D:13     | Noticed a vault guard
 16420 | D:13     | Killed a vault guard
 16705 | D:13     | Identified the +4 falchion of Feukhlios {vamp, rPois rC+
                  | Dex-5}
 16710 | D:13     | Offered knowledge of Hailstorm by Vehumet.
 16723 | D:13     | Reached skill level 17 in Spellcasting
 16762 | D:13     | Noticed a vault guard
 16909 | D:13     | Killed a vault guard
 17137 | D:13     | Found a gate to the Vaults.
 17667 | D:13     | Killed a two-headed ogre
 17928 | D:14     | Found a frozen archway.
 17953 | IceCv    | Entered an ice cave
 17973 | IceCv    | Reached XP level 13. HP: 72/72 MP: 25/36
 18390 | IceCv    | Reached skill level 18 in Spellcasting
 18421 | IceCv    | Noticed a reaper
 18423 | IceCv    | Killed a reaper
 19094 | D:14     | Learned a level 5 spell: Fireball
 19154 | D:14     | Offered knowledge of Iron Shot by Vehumet.
 19162 | D:14     | Learned a level 6 spell: Iron Shot
 19173 | D:14     | Reached skill level 15 in Earth Magic
 19346 | D:14     | Reached skill level 5 in Transmutations
 19558 | D:15     | Entered Level 15 of the Dungeon
 19573 | D:15     | Reached skill level 5 in Fighting
 19870 | D:15     | Found a snail-covered altar of Cheibriados.
 20179 | D:15     | Noticed an emperor scorpion
 20185 | D:15     | Reached skill level 19 in Spellcasting
 20368 | Lair:1   | Entered Level 1 of the Lair of Beasts
 21444 | Lair:2   | Noticed Sonja
 21450 | Lair:2   | Killed Sonja
 21630 | Lair:2   | Found a staircase to the Shoals.
 21642 | Lair:2   | Reached skill level 1 in Short Blades
 21734 | Lair:2   | Got an encrusted long sword
 21735 | Lair:2   | Identified the +9 long sword "Cexohul" {vorpal, *Contam
                  | Str+4 Int+4} (You found it on level 2 of the Lair of
                  | Beasts)
 23187 | Lair:3   | Reached XP level 14. HP: 78/78 MP: 36/39
 23208 | Lair:3   | Reached skill level 1 in Long Blades
 24513 | Lair:4   | Noticed Kirke
 24523 | Lair:4   | Killed Kirke
 24579 | Lair:4   | Found a staircase to the Snake Pit.
 24610 | Lair:4   | Offered knowledge of Iskenderun's Battlesphere by Vehumet.
 24709 | Lair:4   | Learned a level 2 spell: Slow
 25703 | Lair:5   | Reached skill level 1 in Hexes
 26261 | Lair:6   | Entered Level 6 of the Lair of Beasts
 26586 | Lair:6   | Noticed Josephine
 26670 | Lair:6   | Reached skill level 20 in Spellcasting
 27497 | Lair:6   | Reached skill level 5 in Long Blades
 27769 | Lair:6   | Killed Josephine
 28013 | Lair:6   | Found a viscous altar of Jiyva.
 28013 | Lair:6   | Found a staircase to the Slime Pits.
 28119 | Lair:6   | Reached XP level 15. HP: 85/85 MP: 22/41
 28597 | Orc:1    | Entered Level 1 of the Orcish Mines
 28600 | Orc:1    | Offered knowledge of Ozocubu's Refrigeration by Vehumet.
 28808 | Orc:1    | Found Sasmim's Magic Scroll Shoppe.
 28821 | Orc:1    | Bought a scroll of enchant armour for 105 gold pieces
 28821 | Orc:1    | Bought a scroll of identify for 28 gold pieces
 28821 | Orc:1    | Bought a scroll of identify for 28 gold pieces
 28821 | Orc:1    | Bought a scroll of identify for 28 gold pieces
 29102 | Orc:2    | Entered Level 2 of the Orcish Mines
 29285 | Orc:2    | Reached skill level 5 in Hexes
 29751 | Orc:2    | Found Coutu's Antique Armour Shoppe.
 29752 | Orc:2    | Found Itso Nar's Weapon Boutique.
 29754 | Orc:2    | Found Nuinafem's Jewellery Shoppe.
 29754 | Orc:2    | Found Plog's Jewellery Shop.
 29782 | Orc:2    | Bought the ring of Nuocomad {+Fly rElec rC+ Int+5 Dex-4}
                  | for 648 gold pieces
 30021 | Orc:2    | Found a staircase to the Elven Halls.
 30508 | Orc:1    | Offered knowledge of Yara's Violent Unravelling by Vehumet.
 30850 | Shoals:1 | Entered Level 1 of the Shoals
 30855 | Shoals:1 | Noticed a kraken
 31600 | Shoals:1 | You fall into a shaft and drop 1 floor!
 31876 | Shoals:2 | Found a shimmering blue altar of Sif Muna.
 32543 | Shoals:2 | Found a runed translucent gate.
 32543 | Shoals:2 | Found a runed translucent gate.
 32543 | Shoals:2 | Found a runed translucent gate.
 32580 | Shoals:2 | Noticed Ilo Jaz's ghost (adept BaFi)
 32920 | Shoals:1 | Found Juadaom's Weapon Boutique.
 32985 | Shoals:1 | Reached XP level 16. HP: 92/92 MP: 25/42
 33154 | Shoals:1 | Killed a kraken
 33356 | Shoals:3 | Reached skill level 21 in Spellcasting
 33695 | Shoals:3 | Noticed a kraken
 33719 | Shoals:3 | Killed a kraken
 33751 | Shoals:3 | Offered knowledge of Bolt of Magma by Vehumet.
 34676 | Shoals:4 | Entered Level 4 of the Shoals
 35405 | Shoals:4 | Got a barnacled rune of Zot
 35806 | Vaults:1 | Entered Level 1 of the Vaults
 35906 | Vaults:1 | Learned a level 4 spell: Cause Fear
 35927 | Vaults:1 | Offered knowledge of Lehudib's Crystal Spear by Vehumet.
 36413 | Vaults:1 | Reached XP level 17. HP: 99/99 MP: 31/44
 36684 | Vaults:1 | Reached skill level 10 in Hexes
 36697 | Vaults:1 | Learned a level 8 spell: Lehudib's Crystal Spear
 37013 | Vaults:1 | Reached skill level 22 in Spellcasting
 37679 | Vaults:1 | Got a pair of masterwork gloves
 37690 | Vaults:1 | Identified the +0 pair of gloves of the Desert {rPois MR+
                  | Stlth-} (You found it on level 1 of the Vaults)
 39064 | Vaults:2 | Learned a level 9 spell: Shatter
 39137 | Vaults:2 | Reached ****** piety under Vehumet
 39616 | Vaults:2 | Offered knowledge of Fire Storm by Vehumet.
 39616 | Vaults:2 | Offered knowledge of Chain Lightning by Vehumet.
 39616 | Vaults:2 | Offered knowledge of Tornado by Vehumet.
 39739 | Vaults:2 | Found a staircase to the Crypt.
 40236 | Vaults:3 | Reached XP level 18. HP: 106/106 MP: 36/46
 40979 | Vaults:3 | Found Riolig's Jewellery Shoppe.
 41011 | Vaults:3 | Learned a level 5 spell: Silence
 41067 | Vaults:3 | Found Amotz's Antique Armour Shop.
 41388 | Vaults:4 | Reached skill level 23 in Spellcasting
 41654 | Vaults:4 | Reached skill level 1 in Air Magic
 42003 | Vaults:4 | Noticed Mennas
 42461 | Vaults:4 | Found the +9 staff of Wucad Mu {channel}
 42467 | Vaults:4 | Reached skill level 10 in Long Blades
 42873 | Vaults:4 | Reached skill level 10 in Fighting
 42997 | Vaults:4 | Gained mutation: Your body sometimes deteriorates upon
                  | taking damage. [potion of mutation]
 42997 | Vaults:4 | Gained mutation: Your system is resistant to poisons.
                  | (rPois) [potion of mutation]
 42997 | Vaults:4 | Gained mutation: You are partially covered in molten
                  | scales. (AC +2) [potion of mutation]
 43790 | Vaults:5 | Entered Level 5 of the Vaults
 43792 | Vaults:5 | Reached XP level 19. HP: 112/112 MP: 48/48
 43812 | Vaults:5 | Noticed a golden dragon
 43814 | Vaults:5 | Noticed an ancient lich
 43816 | Vaults:5 | Killed an ancient lich
 43816 | Vaults:5 | Reached skill level 24 in Spellcasting
 43816 | Vaults:5 | Reached skill level 5 in Air Magic
 43822 | Vaults:5 | Killed a golden dragon
 43825 | Vaults:5 | Reached XP level 20. HP: 82/119 MP: 41/50
 43826 | Vaults:5 | Noticed an ancient lich
 43828 | Vaults:5 | Killed an ancient lich
 43829 | Vaults:5 | Noticed a golden dragon
 43947 | Vaults:5 | Killed a golden dragon
 43949 | Vaults:5 | Noticed a golden dragon
 43952 | Vaults:5 | Noticed an ancient lich
 43953 | Vaults:5 | Killed an ancient lich
 43953 | Vaults:5 | Reached skill level 25 in Spellcasting
 43954 | Vaults:5 | Noticed an ancient lich
 43956 | Vaults:5 | Killed a golden dragon
 43957 | Vaults:5 | Killed an ancient lich
 43957 | Vaults:5 | Reached skill level 10 in Conjurations
 44267 | Vaults:5 | Got a pair of heavily runed gloves
 44381 | Vaults:5 | Identified the +1 pair of gloves of Purpose {Str+3 Stlth+}
                  | (You found it on level 5 of the Vaults)
 44598 | Vaults:5 | Got a brightly glowing falchion
 44600 | Vaults:5 | Identified the +5 falchion "Ymmea" {vorpal, rN+} (You found
                  | it on level 5 of the Vaults)
 44730 | Vaults:5 | Found the +27 Lear's hauberk
 44752 | Vaults:5 | Learned a level 9 spell: Tornado
 44804 | Vaults:5 | Found Nyclui's Distillery.
 44809 | Vaults:5 | Bought a potion of curing for 60 gold pieces
 44809 | Vaults:5 | Bought a potion of curing for 60 gold pieces
 44809 | Vaults:5 | Bought a potion of might for 80 gold pieces
 44809 | Vaults:5 | Bought a potion of heal wounds for 100 gold pieces
 44809 | Vaults:5 | Bought a potion of magic for 160 gold pieces
 44809 | Vaults:5 | Bought a potion of might for 80 gold pieces
 44885 | Vaults:5 | Found Xaph's Food Emporium.
 44897 | Vaults:5 | Found Pauvuub's Distillery.
 44902 | Vaults:5 | Bought a potion of haste for 160 gold pieces
 44902 | Vaults:5 | Bought 2 potions of might for 128 gold pieces
 44902 | Vaults:5 | Bought a potion of heal wounds for 80 gold pieces
 44902 | Vaults:5 | Bought a potion of haste for 160 gold pieces
 44909 | Vaults:5 | Got a silver rune of Zot
 45374 | Elf:1    | Entered Level 1 of the Elven Halls
 45395 | Elf:1    | Found a shimmering altar of Xom.
 45441 | Elf:1    | Found Uluuczai's Jewellery Boutique.
 45529 | Elf:1    | Found Nevimaof's Magic Scroll Emporium.
 45531 | Elf:1    | Noticed Nikola
 45540 | Elf:1    | Killed Nikola
 45552 | Elf:1    | Bought a scroll of identify for 30 gold pieces
 45552 | Elf:1    | Bought a scroll of teleportation for 45 gold pieces
 45552 | Elf:1    | Bought a scroll of fog for 30 gold pieces
 45552 | Elf:1    | Bought a scroll of magic mapping for 52 gold pieces
 45552 | Elf:1    | Bought a scroll of identify for 30 gold pieces
 45552 | Elf:1    | Bought a scroll of enchant armour for 112 gold pieces
 45552 | Elf:1    | Bought a scroll of magic mapping for 52 gold pieces
 45552 | Elf:1    | Bought a scroll of teleportation for 45 gold pieces
 45552 | Elf:1    | Bought a scroll of teleportation for 45 gold pieces
 45715 | Elf:1    | Found Gaczol's Assorted Antiques.
 45743 | Elf:1    | Found Wuiplaif's Distillery.
 45751 | Elf:1    | Bought a potion of heal wounds for 70 gold pieces
 46420 | Elf:1    | Identified the Volume of Evil Secrets
 46492 | Elf:2    | Noticed Asterion
 46496 | Elf:2    | Killed Asterion
 46496 | Elf:2    | Reached XP level 21. HP: 125/125 MP: 29/52
 46513 | Elf:2    | Reached skill level 5 in Fire Magic
 46733 | Elf:2    | Found Navab's Assorted Antiques.
 46918 | Elf:2    | Noticed Frances
 46920 | Elf:2    | Killed Frances
 47506 | Elf:2    | Found Labihoq's Assorted Antiques.
 47795 | Elf:2    | Found a runed translucent gate.
 47795 | Elf:2    | Found a runed translucent gate.
 47800 | Elf:2    | Found a runed translucent gate.
 48060 | Elf:3    | Entered Level 3 of the Elven Halls
 48226 | Elf:3    | Found a radiant altar of Vehumet.
 48601 | Elf:3    | Found Boaviz's Jewellery Shoppe.
 48602 | Elf:3    | Found Jido's Gadget Shop.
 48603 | Elf:3    | Found Horir's Jewellery Shoppe.
 49218 | Elf:3    | Found the brooch of Shielding {Spirit SH+8}
 49221 | Elf:3    | Identified the +1 spear "Medac" {freeze, *Drain +Blink
                  | rPois}
 49228 | Elf:3    | Reached skill level 26 in Spellcasting
 49229 | Elf:3    | Found the +4 skin of Zhor {Englaciate rC+++ SInv}
 49412 | Elf:3    | Got a scorched helmet
 49426 | Elf:3    | Identified the Guide on Flight
 49443 | Elf:3    | Identified the -2 helmet of Uskayaw's Condemnation {+Blink
                  | rElec Int+3 Dex-2} (You found it on level 3 of the Elven
                  | Halls)
 49851 | Snake:1  | Entered Level 1 of the Snake Pit
 49855 | Snake:1  | Reached XP level 22. HP: 132/132 MP: 36/54
 51242 | Snake:2  | Noticed Aizul
 51389 | Snake:2  | Killed Aizul
 52448 | Snake:3  | Found a shimmering blue altar of Sif Muna.
 52551 | Snake:3  | Found Dujiqiwn's Book Boutique.
 53203 | Snake:3  | Found the +0 mask of the Dragon {MR+ Slay+3 SInv}
 53369 | Snake:4  | Entered Level 4 of the Snake Pit
 53541 | Snake:4  | Found the +7 captain's cutlass {speed, disarm}
 53768 | Snake:4  | Noticed Vashnia
 53777 | Snake:4  | Killed Vashnia
 53907 | Snake:4  | Got a serpentine rune of Zot
 54064 | Slime:1  | Entered Level 1 of the Pits of Slime
 54077 | Slime:1  | Gained mutation: Scrolls take you a little longer to read.
                  | [a shining eye]
 54078 | Slime:1  | Gained mutation: Your spells are a little easier to cast,
                  | but a little less powerful. [a shining eye]
 54647 | Snake:4  | Found Ruonemn's Antique Armour Shoppe.
 55341 | Slime:2  | Gained mutation: Your flesh is cold resistant. (rC+) [a
                  | shining eye]
 55345 | Slime:2  | Gained mutation: Your body often deteriorates upon taking
                  | damage. [a shining eye]
 55391 | Slime:2  | Reached XP level 23. HP: 139/139 MP: 3/55
 55535 | Slime:2  | Found a viscous altar of Jiyva.
 55705 | Slime:2  | Gained mutation: You tend to lose your temper in combat. [a
                  | shining eye]
 55798 | Slime:2  | Got the +2 pair of boots of Life {MR+ Int+4 Dex-5}
 55812 | Slime:3  | Gained mutation: You occasionally shout uncontrollably at
                  | your foes. [a shining eye]
 56260 | Slime:4  | Reached skill level 27 in Spellcasting
 56360 | Slime:5  | Entered Level 5 of the Pits of Slime
 58239 | Slime:5  | Gained mutation: Your magical capacity is low. (-10% MP) [a
                  | shining eye]
 58243 | Slime:5  | Gained mutation: You sometimes yell uncontrollably at your
                  | foes. [a shining eye]
 58246 | Slime:5  | HP: 1/140 [acid (11)]
 58246 | Slime:5  | Splashed by an acid blob's acid

Illustrated notes

Levels and vault maps discovered:
D:1:      nicolae_arrival_somewhat_less_tricky_arrival, layout_basic
D:2:      layout_loops_ring, makhleb_blood_cavern_becter
D:3:      wad_woods_stonehenge, layout_basic, lemuel_doored_altar,
          eino_tiny_chamber
D:4:      layout_gridville, ashenzari_altar_1, overflow_temple_1_default,
          kennysheep_mini_moat, cheibriados_altar_1
D:5:      minmay_diamond_boxcup, layout_rooms, fedhas_altar_1,
          minmay_temple_entry_proselytizer, first_ration, uniq_blork_the_orc
D:6:      layout_layer_cave, serial_shops, nicolae_shop_crystal, basic_altar,
          minmay_manual_mess
D:7:      layout_cave_pools, lemuel_blue_sif_altar, xom_confusion_cloud,
          basic_altar
D:8:      layout_loops_cross, minmay_lair_entry_grove, uniq_psyche
D:9:      minmay_spotlight, layout_rooms,
          nicolae_gozag_cash_rules_everything_around_me, serial_shops, shop
D:10:     layout_loops_ring, erik_orc_4
D:11:     layout_cave_pools, uniq_harold
D:12:     layout_cave_pools, gauntlet_entry_generic, grunt_tengu_nest,
          kennysheep_dice
D:13:     layout_irregular_city, grunt_vaults_entry_tiered, grunt_ministairs_9
D:14:     layout_stronghold, portal_ice_cave_entry_imps
D:15:     hangedman_depths_entry_try_elsewhere_first, layout_irregular_city,
          serial_park_avenue1, basic_altar, small_statue_intersection
Temple:   minmay_temple_forest_path
Lair:1:   layout_concentric_octagons, st_stairs_9, serial_bayou_pond_d
Lair:2:   wad_woods_structure_01, layout_regular_city,
          minmay_shoals_entry_lonely_mermaid, serial_bayou_shore_b, uniq_sonja
Lair:3:   beast_lair_carwin_large_4, layout_layer_cave, serial_bayou_pond_b
Lair:4:   layout_gridlike, guppyfry_snake_entry_garden, uniq_kirke
Lair:5:   layout_loops_ring
Lair:6:   minmay_lair_end_enchanted_forest, layout_cave_shapes, slime_altar_1,
          uniq_josephine
Shoals:1: layout_shoals, serial_shops, shop, dpeg_stationary_puzzle
Shoals:2: layout_shoals, ebering_ghost_davey_jones, lemuel_centaur_altar
Shoals:3: layout_shoals, nicolae_shoals_kraken_intersection
Shoals:4: shoals_end_grunt_garden, layout_shoals, nicolae_shoals_undead_eyrie
Snake:1:  layout_onion, serial_bayou, serial_bayou_shore_a, serial_bayou_ford_a,
          serial_bayou_pond_c, serial_bayou_lake_a, guppyfry_library_mini
Snake:2:  layout_rooms, grunt_ministairs_2, uniq_aizul
Snake:3:  layout_chambers, serial_shops, nicolae_shop_statue_plus,
          lemuel_oklob_altar
Snake:4:  johnstein_snake_rune_scales, layout_misc_corridors, serial_shops, shop
Slime:1:  cheibrodos_slime_lost_civilization_10, layout_caves
Slime:2:  cheibrodos_slime_lost_civilization_1, layout_caves, basic_altar
Slime:3:  layout_caves, nicolae_slime_welcoming_committee
Slime:4:  layout_caves
Slime:5:  uniq_dissolution
Orc:1:    layout_caves, serial_shops, shop_fountains
Orc:2:    st_orc_ogre_mass, layout_caves
Elf:1:    layout_geoelf_grid, basic_altar, serial_shops, shop_statue,
          minmay_elf_necromancy, minmay_shop_enchanted_jewellery,
          minmay_shoptagon, uniq_nikola
Elf:2:    layout_onion_city, serial_shops, nicolae_shop_statue_plus, shop,
          drop_trap, sword_in_stone, uniq_asterion
Elf:3:    minmay_elf_hall_dome, layout_geoelf_castle, basic_altar,
          minmay_shop_grove
Vaults:1: nicolae_vaults_asterisk, ontoclasm_vaults_ring_square,
          nicolae_vaults_network_star, vaults_dpeg_doors,
          hangedman_vaults_pinch, nicolae_vaults_stairing_the_circle,
          v_alt_pattern_3, nicolae_vaults_network_periphery,
          grunt_vaults_funnel, hangedman_vaults_corner, vaults_dpeg_diagonal,
          ontoclasm_vaults_loading_screen, nicolae_vaults_ring_of_whatevers,
          nicolae_vaults_diagonal_hallway_9, layout_vaults_ring
Vaults:2: vaults_standard_mumra_lines, ontoclasm_vaults_spin, v_misc_10,
          hangedman_vaults_slither, v_misc_18, minmay_crypt_entry_vampire_xt,
          nicolae_vaults_yaktaur_gun_rack, nicolae_vaults_asterisk,
          nicolae_vaults_little_squares_6, v_misc_16,
          nicolae_vaults_angled_halls, nicolae_vaults_little_squares_6,
          vaults_room_hallway, layout_vaults_omnicross
Vaults:3: vaults_room_grid, vaults_room_hallway, hangedman_vaults_stagger,
          hangedman_vaults_variations, nicolae_vaults_circle_grid_a,
          nicolae_vaults_little_squares_5, nicolae_vaults_little_squares_4,
          nicolae_vaults_theta, nicolae_vaults_asterisk,
          vaults_dpeg_encased_lava, nicolae_vaults_triangles, v_misc_22,
          vaults_room_pools, layout_vaults_omnibox, serial_shops,
          nicolae_shop_trees, nicolae_shop_temple_entry_statues_fountains
Vaults:4: v_misc_5, vaults_mumra_chevron, v_alt_pattern_6,
          vaults_room_grunt_arrival_ludios, v_rooms_4, vaults_dpeg_hooks,
          v_misc_26, layout_vaults_chaotic_city, uniq_mennas
Vaults:5: serial_shops

Skill      XL: |  1  2  3  4  5  6  7  8  9 10 11 12 13 14 15 16 17 18 19 20 21 22 23 |
---------------+----------------------------------------------------------------------+-----
Earth Magic    | 4 5 6 7 9 10 12 13 14 15 16 17 18 19 20 21 22 | 22.7
Spellcasting   | 4 5 6 7 8 10 12 13 15 17 19 20 21 22 23 24 25 26 27 | 27.0
Stealth        | 3 4 5 7 |  7.4
Conjurations   | 1 2 3 4 5 6 7 8 9 10 11 | 11.6
Fighting       | 1 3 4 5 6 7 8 9 10 11 12 13 | 13.1
Translocations | 3 |  3.8
Fire Magic     | 1 4 7 9 |  9.8
Transmutations | 4 5 6 7 8 9 |  9.1
Short Blades   | 1 |  1.6
Long Blades    | 5 7 8 9 10 11 12 13 | 13.6
Hexes          | 4 7 9 10 | 10.5
Air Magic      | 3 5 7 |  7.4
Dodging        | |  2.4
Evocations     | |  0.2

Action                   |  1- 3 |  4- 6 |  7- 9 | 10-12 | 13-15 | 16-18 | 19-21 | 22-24 || total
-------------------------+-------+-------+-------+-------+-------+-------+-------+-------++-------
Melee: Unarmed           |     6 |       |       |       |       |       |       |       ||     6
       Short sword       |    66 |   125 |       |       |       |       |       |       ||   191
       Dagger            |       |       |     3 |    66 |    53 |       |       |       ||   122
       Long sword        |       |       |       |       |   251 |   191 |    43 |    69 ||   554
 Cast: Sandblast         |    32 |    66 |    57 |    83 |    36 |    85 |    16 |    12 ||   387
       Stone Arrow       |       |    30 |    92 |   130 |    53 |    58 |    10 |     1 ||   374
       Lee's Rapid Decon |       |       |     7 |   116 |   122 |   129 |    30 |    39 ||   443
       Foxfire           |       |       |       |     7 |     1 |       |       |       ||     8
       Statue Form       |       |       |       |    12 |    90 |    86 |    30 |    41 ||   259
       Passwall          |       |       |       |     2 |     1 |       |       |     1 ||     4
       Petrify           |       |       |       |     1 |     1 |     3 |       |       ||     5
       Iron Shot         |       |       |       |       |   238 |   241 |   109 |   228 ||   816
       Fireball          |       |       |       |       |    21 |    21 |     1 |     5 ||    48
       Slow              |       |       |       |       |       |     6 |       |       ||     6
       Lehudib's Crystal |       |       |       |       |       |    38 |    15 |     3 ||    56
       Shatter           |       |       |       |       |       |     3 |    52 |    87 ||   142
       Cause Fear        |       |       |       |       |       |       |       |     1 ||     1
 Abil: Evoke Flight      |       |       |       |       |       |       |       |     4 ||     4
       End Transformatio |       |       |       |       |       |       |       |     3 ||     3
  Use: Scroll            |       |     8 |     5 |    14 |    10 |    13 |     4 |     2 ||    56
       Potion            |       |       |     1 |     8 |     4 |    20 |       |     2 ||    35
 Stab: Sleeping          |     3 |     2 |       |       |     2 |       |       |       ||     7
       Distracted        |       |     1 |       |       |       |       |       |       ||     1
  Eat: Chunk             |     3 |    12 |    15 |    21 |    43 |    32 |    10 |     9 ||   145
       Ration            |       |       |       |     2 |     3 |     3 |     3 |     6 ||    17
Armor: Robe              |    17 |    27 |     7 |    21 |     9 |    20 |     1 |     7 ||   109
       Skin              |       |       |       |   168 |   735 |   550 |   162 |   316 ||  1931
Dodge: Dodged            |    64 |    76 |    18 |   216 |   744 |   431 |    94 |   215 ||  1858
       Rpst.: Long sword |       |       |       |       |   169 |    78 |    12 |    41 ||   300
